 Dungeon Crawl Stone Soup version 0.18.1-50-g88ac8fd (webtiles) character file.

57 Christof the Covered (level 3, -9/34 HPs)
             Began as a Minotaur Fighter on Sept 28, 2016.
             Mangled by Crazy Yiuf
             ... wielding a +4 quarterstaff of chaos
              (15 damage)
             ... on level 2 of the Dungeon.
             The game lasted 00:03:43 (1457 turns).

Christof the Covered (Minotaur Fighter)             Turns: 1457, Time: 00:03:44

Health: -9/34      AC:  7    Str: 25    XL:     3   Next: 73%
Magic:  2/2        EV:  7    Int:  6    God:
Gold:   121        SH:  9    Dex:  9    Spells: 0 memorised, 2 levels left

rFire  . . .     SeeInvis .     a - +0 flail
rCold  . . .     Gourm    .     b - +0 scale mail
rNeg   . . .     Faith    .     c - +0 shield
rPois  .         Spirit   .     (helmet restricted)
rElec  .         Dismiss  .     (no cloak)
rCorr  .         Reflect  .     (no gloves)
SustAt .         Harm     .     (no boots)
MR     .....                    (no amulet)
Stlth  ..........               (no ring)
                                (no ring)

@: mighty, not resistant to hostile enchantments, extremely unstealthy
A: retaliatory headbutt, horns 2
a: no special abilities


You were on level 2 of the Dungeon.
You were not hungry.

You visited 1 branch of the dungeon, and saw 2 of its levels.

You collected 121 gold pieces.

Inventory:

Hand Weapons
 a - a +0 flail (weapon)
Armour
 b - a +0 scale mail (worn)
 c - a +0 shield (worn)
Scrolls
 e - 2 scrolls of teleportation {unknown}
 i - a scroll of noise {unknown}
 j - 2 scrolls of fog {unknown}
 k - a scroll of identify {unknown}
 m - a scroll of remove curse {unknown}
Potions
 d - a potion of might
 g - 2 potions of haste {unknown}
 l - a potion of agility {unknown}
 o - a potion of magic {unknown}
 p - a potion of curing {unknown}
Comestibles
 f - 3 bread rations
 h - 3 chunks of flesh
 n - a meat ration


   Skills:
 * Level 4.5 Fighting
 + Level 2.8 Maces & Flails
 * Level 4.5 Armour
 + Level 3.9 Shields


You had 2 spell levels left.
You didn't know any spells.

Dungeon Overview and Level Annotations

Branches:
Dungeon (2/15)

Altars:

Annotations:
D:2 Crazy Yiuf


Innate Abilities, Weirdness & Mutations

You reflexively headbutt those who attack you in melee.
You have a pair of horns on your head.


Message History

Crazy Yiuf is heavily wounded.
Crazy Yiuf laughs, "Prologue arga fast!"
You block Crazy Yiuf's attack.
Crazy Yiuf hits you with a quarterstaff of chaos!
Crazy Yiuf draws strength from your injuries!
You closely miss Crazy Yiuf.
Crazy Yiuf is lightly wounded.
Crazy Yiuf hits you with a quarterstaff of chaos!
* * * LOW HITPOINT WARNING * * *
You are too injured to fight recklessly!
You are too injured to fight recklessly!
You are too injured to fight recklessly!
Drink which item? (? for menu, Esc to quit)
You feel very mighty all of a sudden. You block Crazy Yiuf's attack.
You hit Crazy Yiuf. You headbutt Crazy Yiuf.
Crazy Yiuf is heavily wounded.
Crazy Yiuf whimpers, "Walk sallow arga!"
Crazy Yiuf hits you with a quarterstaff of chaos!
You die...

#.##............ #.# .
#.##....######## #.# #
###.#.......# #.##
....#....#### #.. .
#####....# #.# #
###..# ♣♣♣♣♣####.##
####..# ###
♣♣♣.♣...##.#.####
#.....#
#...#♣..♣......###....
#.#####
#...g@♣♣♣♣......#.####
#.# #)..#♣♣
♣♣♣.#.#...... #.# ###
♣########## #.# #÷#
#.# ########## #.#
#.)......# #.##
########.###### #..#
#.......


You could see Crazy Yiuf.

Vanquished Creatures
  2 adders
  An ooze (D:2)
  A worm (D:2)
  A dart slug (D:1)
  3 giant geckos
  A ball python (D:1)
  2 giant cockroaches
  4 goblins
  3 hobgoblins
  3 bats (D:1)
  2 giant newts (D:1)
  4 kobolds
  A rat (D:2)
28 creatures vanquished.

Notes
Turn   | Place    | Note
--------------------------------------------------------------
     0 | D:1      | Christof the Minotaur Fighter began the quest for the Orb.
     0 | D:1      | Reached XP level 1. HP: 19/19 MP: 0/0
   229 | D:1      | Reached XP level 2. HP: 27/27 MP: 1/1
   894 | D:2      | Reached XP level 3. HP: 33/33 MP: 2/2
  1450 | D:2      | Noticed Crazy Yiuf
  1457 | D:2      | Mangled by Crazy Yiuf

Skill      XL: |  1  2 |
---------------+-------+-----
Armour         | 4 |  4.5
Fighting       | 4 |  4.5
Maces & Flails | |  2.8
Shields        | |  3.9

Action                   || total
-------------------------++-------
Melee: Flail             ||    71
       Headbutt          ||    12
  Use: Potion            ||     1
  Eat: Chunk             ||     2
Armor: Scale mail        ||    28
Dodge: Dodged            ||    17
Block: Shield            ||    28
